 Dungeon Crawl Stone Soup version 0.27.1-1-g398f81649c (webtiles) character file.

Game seed: 16797331430238302273

46 shoulao the Skirmisher (level 3, 0/51 HPs)
             Began as a Minotaur Berserker on Sept 15, 2021.
             Was a Believer of Trog.
             Slain by a kobold (5 damage)
             ... on level 2 of the Dungeon.
             The game lasted 00:08:27 (1977 turns).

shoulao the Skirmisher (Minotaur Berserker)         Turns: 1977, Time: 00:08:28

Health: 0/51       AC:  3    Str: 22    XL:     3   Next: 44%
Magic:  2/2        EV: 12    Int:  4    God:    Trog [**....]
Gold:   63         SH:  0    Dex:  9    Spells: 2/2 levels left

rFire    . . .     SeeInvis .   a - +0 mace
rCold    . . .     Faith    .   (no shield)
rNeg     . . .     Spirit   .   e - +0 leather armour
rPois    .         Reflect  .   (helmet restricted)
rElec    .         Harm     .   (no cloak)
rCorr    .         Rampage  .   (no gloves)
Will     .....                  (no boots)
Stlth    ..........             (no amulet)
HPRegen  0.17/turn              (no ring)
MPRegen  0.08/turn              (no ring)

@: berserking, very quick
A: horns 2, retaliatory headbutt
a: Renounce Religion, Berserk, Trog's Hand


You were on level 2 of the Dungeon.
You worshipped Trog.
Trog was pleased with you.
You visited 1 branch of the dungeon, and saw 2 of its levels.

You collected 63 gold pieces.

Inventory:

Hand Weapons
 a - a +0 mace (weapon)
 f - a +0 dagger
 h - a +0 dagger
 l - a +0 triple sword
 n - a +0 hand axe
Missiles
 c - 59 stones (quivered)
 i - 43 arrows
Armour
 b - a +0 animal skin
 e - a +0 leather armour (worn)
 m - a +0 chain mail
Jewellery
 k - a ring of poison resistance
Scrolls
 o - a scroll of brand weapon {unknown}
Potions
 d - a potion of haste {unknown}
 g - a potion of attraction {unknown}
 j - 2 potions of heal wounds {unknown}


   Skills:
 + Level 4.4 Fighting
 + Level 4.2 Maces & Flails
 + Level 2.5 Armour
 + Level 3.0 Dodging


You had 2 spell levels left.
You didn't know any spells.
Your spell library contained the following spells:

 Spells                   Type           Power      Damage    Failure   Level
 Apportation              Tloc           0%         N/A       54%         1
 Conjure Flame            Conj/Fire      0%         6-21      89%         3
 Ignite Poison            Fire/Tmut/Pois 0%         N/A       89%         3
 Sticky Flame             Conj/Fire      0%         2d3       100%        4
 Alistair's Intoxication  Tmut/Pois      0%         N/A       100%        5
 Dispersal                Tloc           0%         N/A       100%        6
 Invisibility             Hex            0%         N/A       100%        6
 Disjunction              Tloc           0%         N/A       100%        8


Dungeon Overview and Level Annotations

Branches:
Dungeon (2/15)

Altars:

Annotations:
D:2 Natasha


Innate Abilities, Weirdness & Mutations

You have a pair of horns on your head.
You reflexively headbutt those who attack you in melee.


Message History

You see here a book of Party Tricks.
You pick up a book of Party Tricks and begin reading...
You add the spells Apportation, Alistair's Intoxication and Invisibility to your library.
Found a ring mail.
Natasha, Servant of Life and Death comes into view.
Natasha hisses angrily.
You hit the frilled lizard.
The frilled lizard is heavily wounded.
Natasha casts a spell at you. The magic dart hits you!
The frilled lizard bites you but does no damage.
You thump the frilled lizard!
You kill the frilled lizard!
Trog accepts your kill.
You see here a frilled lizard corpse.
Natasha misses you.
A kobold comes into view. It is wielding a +3 short sword.
The kobold shouts!
Natasha casts a spell.
You barely miss Natasha. Natasha claws you.
The crimson imp hits you but does no damage.
Natasha claws you.
You hit Natasha but do no damage.
The kobold throws a stone.
The stone barely misses you. The crimson imp closely misses you.
You furiously retaliate!
You headbutt the crimson imp! Natasha barely misses you.
A red film seems to cover your vision as you go berserk!
You feel yourself moving faster!
You feel mighty! The crimson imp hits you.
Natasha claws you but does no damage.
You closely miss the crimson imp.
The crimson imp is heavily wounded.
The crimson imp misses you. Natasha claws you!
* * * LOW HITPOINT WARNING * * *
You thump the crimson imp!
You kill the crimson imp!
The kobold barely misses you. Natasha claws you!
* * * LOW HITPOINT WARNING * * *
You closely miss Natasha. Your headbutt misses Natasha.
The kobold hits you with a +3 short sword.
You die...

### #.. #####.. #
########......
#.#######......'......
###[.....†..######......
.....$.@....# #......
......Kh....# ##.....
............# #.....
....#######.# #..... ###
#.# #..... #.# #...#.
#.# ##..... ...#...
#.....#


You could see Natasha and a kobold.

Vanquished Creatures
  3 dart slugs (D:1)
  4 ball pythons
  A bat (D:1)
  5 endoplasms (D:1)
  2 giant cockroaches (D:1)
  2 goblins
  2 hobgoblins (D:2)
  2 kobolds (D:1)
  7 quokkas
  5 frilled lizards
  2 rats (D:2)
35 creatures vanquished.

Vanquished Creatures (others)
  2 demonic plants (D:1)
  3 plants (D:1)
5 creatures vanquished.

Grand Total: 40 creatures vanquished

Notes
Turn   | Place    | Note
-------+----------+-------------------------------------------
     0 | D:1      | shoulao the Minotaur Berserker began the quest for the Orb.
     0 | D:1      | Reached XP level 1. HP: 19/19 MP: 0/0
   448 | D:1      | Reached XP level 2. HP: 3/27 MP: 1/1
  1164 | D:1      | Found a faded altar of an unknown god.
  1287 | D:1      | Reached XP level 3. HP: 33/33 MP: 2/2
  1372 | D:1      | Reached ** piety under Trog
  1965 | D:2      | Noticed Natasha
  1977 | D:2      | Slain by a kobold

Illustrated notes

Levels and vault maps discovered:
D:1:      kilobyte_arrival_exit_the_forest, layout_basic,
          dreamdust_ecumenical_altar_sealed_demon
D:2:      layout_basic, basic_altar, minmay_fractal_squares_5, uniq_natasha

Skill      XL: |  1  2  3 |
---------------+----------+-----
Fighting       | 4 |  4.4
Maces & Flails | 4 |  4.2
Dodging        | 3 |  3.0
Armour         | |  2.5

Action                   || total
-------------------------++-------
Melee: Mace              ||    91
       Headbutt          ||    13
Invok: Berserk           ||     2
Armor: Animal skin       ||     8
       Leather armour    ||     4
Dodge: Dodged            ||    58
